 Dungeon Crawl Stone Soup version 0.30-a0-782-ge64f9170bb (webtiles) character file.

Game seed: 7677373732350404371

864908 M4edhros the Worldbinder (level 27, 0/146 HPs)
             Began as a Vine Stalker Monk on Feb 24, 2023.
             Was the Champion of Cheibriados.
             Killed from afar by a frost giant (9 damage)
             ... with a bolt of cold
             ... on level 7 of Cocytus on Feb 27, 2023.
             The game lasted 03:54:36 (25234 turns).

M4edhros the Worldbinder (Vine Stalker Monk)       Turns: 25234, Time: 03:54:37

Health: 0/146      AC: 31    Str: 37    XL:     27
Magic:  0/45       EV: 34    Int: 35    God:    Cheibriados [******]
Gold:   1781       SH: 21    Dex: 41    Spells: 5/60 levels left

rFire   + + +      SeeInvis +      - Unarmed
rCold   + + .      Faith    .    M - +2 shield of Resistance {rF++ rC++ Will++}
rNeg    + . .      Spirit   +    (body armour currently unavailable)
rPois   ∞          Reflect  .    I - +2 helmet {SInv}
rElec   +          Harm     .    (no cloak)
rCorr   +          Rampage  .    (gloves currently unavailable)
Will    ++++.                    (boots currently unavailable)
Stlth   +++++++                  V - amulet of Dicetes {+Inv Regen+ Dex+3 Slay+3}
HPRegen 2.04/turn                e - ring of wizardry
MPRegen 0.29/turn                X - ring of Symmetry {Fly Will- rCorr Str+4 Int+6}

@: statue-form, forested, on dragon call cooldown, flying, unable to read,
unable to drink, very slow
A: slow and powerful, torment resistance 1, boosted hp, fangs 3, regeneration 1,
magic shield, antimagic bite, no potion heal 2, fire resistance 1, frail 2,
subdued magic 1, inability to read after injury 2
}: 11/15 runes: serpentine, barnacled, slimy, silver, iron, abyssal, demonic,
glowing, magical, fiery, dark
a: End Transformation, Renounce Religion, Evoke Invisibility, Bend Time,
Temporal Distortion, Slouch, Step From Time


You were on level 7 of Cocytus.
You worshipped Cheibriados.
Cheibriados was exalted by your worship.
You were a living statue of rough stone.
You visited 13 branches of the dungeon, and saw 63 of its levels.
You visited Pandemonium 1 time, and saw 11 of its levels.
You visited the Abyss 1 time.
You also visited: Bailey and Ice Cave.

You collected 8899 gold pieces.
You spent 7118 gold pieces at shops.

Inventory:

Hand Weapons
 v - the +8 demon trident "Rift" {distort, reach+}
   (You took it off an ancient champion on level 7 of the Iron City of Dis)
Missiles
 w - 6 throwing nets
 C - 10 silver javelins
 G - 17 curare-tipped darts
 Q - 12 atropa-tipped darts (quivered)
 S - 8 javelins
Armour
 n - the +2 helmet of Rotten Life {rN++ rCorr}
   (You acquired it in a bailey)

   rN:        It greatly protects you from negative energy.
   rCorr:     It protects you from acid and corrosion.
 s - +4 ice dragon scales
 t - the quicksilver dragon scales of Bedevilment (melded) {Will+ Regen+ Stlth+}
   (You bought it in a shop on level 2 of the Orcish Mines)

   Regen:     It increases your rate of health regeneration.
   Will:      It increases your willpower.
   Stlth:     It makes you more stealthy.
 H - a +1 pair of gloves (melded)
 I - a +2 helmet of see invisible (worn)
 M - the +2 shield of Resistance (worn) {rF++ rC++ Will++}
   (You found it on level 3 of the Elven Halls)

   rF:        It greatly protects you from fire.
   rC:        It greatly protects you from cold.
   Will:      It greatly increases your willpower.
 U - the +1 pair of boots "Naerat" (melded) {rElec rC+}
   (You found it in an ice cave)

   rC:        It protects you from cold.
   rElec:     It insulates you from electricity.
 W - a +5 kite shield of reflection
Jewellery
 a - the amulet of the Air {Inacc Air Fly rElec RMsl}
   (You found it on level 5 of the Pits of Slime)

   [amulet of nothing]

   Inacc:     It reduces the accuracy of your attacks and spells.
   Air:       It enhances your air magic.
   rElec:     It insulates you from electricity.
   Fly:       It grants you flight.
   RMsl:      It protects you from missiles.
 e - a ring of wizardry (left fist)
 r - a ring of see invisible
 L - the ring of the Sky {Fire rPois rCorr MP+9 Dex+2}
   (You found it on level 3 of the Elven Halls)

   [ring of fire]

   It enhances your fire magic.
   Dex:       It affects your dexterity (+2).
   rF:        It protects you from fire.
   rC:        It makes you vulnerable to cold.
   rPois:     It protects you from poison.
   MP:        It affects your magic capacity (+9).
   rCorr:     It protects you from acid and corrosion.
 O - the ring of the Hare {EV+10}
   (You took it off a vault sentinel on level 5 of the Vaults)

   [ring of evasion]

   EV:        It affects your evasion (+10).
 V - the amulet of Dicetes (around neck) {+Inv Regen+ Dex+3 Slay+3}
   (You bought it in a shop on level 2 of the Depths)

   [amulet of regeneration]

   Dex:       It affects your dexterity (+3).
   Slay:      It affects your accuracy & damage with ranged weapons and melee
   (+3).
   +Inv:      It lets you turn invisible.
   Regen:     It increases your rate of health regeneration.
 X - the ring of Symmetry (right fist) {Fly Will- rCorr Str+4 Int+6}
   (You took it off a vault warden on level 5 of the Vaults)

   [ring of resist corrosion]

   Str:       It affects your strength (+4).
   Int:       It affects your intelligence (+6).
   Fly:       It grants you flight.
   rCorr:     It protects you from acid and corrosion.
   Will:      It decreases your willpower.
Wands
 h - a wand of quicksilver (6)
 K - a wand of iceblast (8)
Scrolls
 c - 8 scrolls of teleportation
 d - a scroll of enchant weapon
 f - 8 scrolls of amnesia
 g - 6 scrolls of poison
 j - a scroll of butterflies
 k - 4 scrolls of silence
 m - 4 scrolls of immolation
 x - 5 scrolls of blinking
 y - 4 scrolls of torment
 R - 6 scrolls of fog
 Y - 3 scrolls of enchant armour
Potions
 b - a potion of flight
 o - 10 potions of curing
 q - 5 potions of brilliance
 u - 7 potions of attraction
 B - 9 potions of heal wounds
 D - 14 potions of lignification
 E - 4 potions of might
 F - 3 potions of resistance
 J - 5 potions of invisibility
 N - a potion of cancellation
Miscellaneous
 i - a phantom mirror (inert)
 l - a condenser vane
 p - the horn of Geryon (inert)
 z - a phial of floods
 A - a box of beasts
 T - a lightning rod (4/4)
 Z - a tin of tremorstones (2/2)


   Skills:
 - Level 14.0 Fighting
 + Level 8.8 Throwing
 - Level 5.0 Armour
 + Level 14.4 Dodging
 - Level 15.0 Stealth
 - Level 15.0 Shields
 - Level 18.5 Unarmed Combat
 - Level 17.2 Spellcasting
 * Level 25.3 Summonings
 - Level 6.0 Necromancy
 - Level 10.0 Translocations
 - Level 12.0 Transmutations
 - Level 5.0 Ice Magic
 - Level 12.0 Earth Magic
 - Level 6.0 Poison Magic
 - Level 12.0 Invocations
 - Level 6.0 Evocations


You had 5 spell levels left.
You knew the following spells:

 Your Spells              Type           Power      Damage    Failure   Level
a - Eringya's Noxious Bo  Tmut/Pois      32%        N/A       2%          6
b - Dragon's Call         Summ           51%        N/A       1%          9
c - Summon Hydra          Summ           51%        N/A       1%          7
d - Apportation           Tloc           100%       N/A       0%          1
e - Statue Form           Tmut/Erth      48%        N/A       1%          6
f - Summon Lightning Spi  Summ/Air       75%        N/A       1%          4
g - Summon Forest         Summ/Tloc      43%        N/A       0%          5
h - Summon Cactus Giant   Summ           51%        N/A       0%          6
i - Haunt                 Necr/Summ      41%        N/A       1%          7
j - Manifold Assault      Tloc           67%        N/A       1%          4

Your spell library contained the following spells:

 Spells                   Type           Power      Damage    Failure   Level
 Sandblast                Erth           100%       2d20      0%          1
 Summon Small Mammal      Summ           100%       N/A       0%          1
 Call Imp                 Summ           100%       N/A       0%          2
 Passwall                 Tmut/Erth      60%        N/A       0%          2
 Wereblood                Tmut           73%        N/A       0%          2
 Call Canine Familiar     Summ           100%       N/A       0%          3
 Summon Guardian Golem    Hex/Summ       75%        N/A       0%          3
 Animate Armour           Summ/Erth      100%       N/A       0%          4
 Summon Ice Beast         Ice/Summ       81%        N/A       0%          4
 Foxfire                  Conj/Fire      92%        2x1d8     1%          1
 Freeze                   Ice            100%       1d10      1%          1
 Magic Dart               Conj           92%        1d7       1%          1
 Necrotise                Necr           100%       1d9       1%          1
 Shock                    Conj/Air       92%        1d8       1%          1
 Slow                     Hex            92%        N/A       1%          1
 Sting                    Tmut/Pois      100%       1d8       1%          1
 Blink                    Tloc           100%       N/A       1%          2
 Cigotuvi's Dreadful Rot  Necr/Pois/Air  88%        N/A       1%          2
 Ensorcelled Hibernation  Hex/Ice        72%        N/A       1%          2
 Lesser Beckoning         Tloc           100%       N/A       1%          2
 Momentum Strike          Conj/Tloc      100%       3d10      1%          2
 Poisonous Vapours        Pois/Air       78%        N/A       1%          2
 Static Discharge         Conj/Air       46%        2-4/arc   1%          2
 Sublimation of Blood     Necr           53%        N/A       1%          2
 Dazzling Flash           Conj/Hex       46%        N/A       1%          3
 Frozen Ramparts          Ice            100%       1d16      1%          3
 Gell's Gravitas          Tloc           67%        N/A       1%          3
 Hailstorm                Conj/Ice       36%        3d9       1%          3
 Ignite Poison            Fire/Tmut/Pois 53%        N/A       1%          3
 Inner Flame              Hex/Fire       23%        N/A       1%          3
 Mephitic Cloud           Conj/Pois/Air  34%        N/A       1%          3
 Ozocubu's Armour         Ice            50%        N/A       1%          3
 Portal Projectile        Hex/Tloc       100%       N/A       1%          3
 Spider Form              Tmut/Pois      64%        N/A       1%          3
 Stone Arrow              Conj/Erth      100%       3d13      1%          3
 Swiftness                Air            23%        N/A       1%          3
 Teleport Other           Tloc           67%        N/A       1%          3
 Tukima's Dance           Hex            23%        N/A       1%          3
 Anguish                  Hex/Necr       19%        N/A       1%          4
 Animate Dead             Necr           53%        N/A       1%          4
 Ice Form                 Ice/Tmut       62%        N/A       1%          4
 Leda's Liquefaction      Hex/Erth       26%        N/A       1%          4
 Olgreb's Toxic Radiance  Pois           53%        N/A       1%          4
 Passage of Golubria      Tloc           67%        N/A       1%          4
 Petrify                  Tmut/Erth      73%        N/A       1%          4
 Agony                    Necr           53%        N/A       1%          5
 Alistair's Intoxication  Tmut/Pois      42%        N/A       1%          5
 Blade Hands              Tmut           36%        N/A       1%          5
 Borgnjor's Vile Clutch   Necr/Erth      32%        N/A       1%          5
 Summon Mana Viper        Hex/Summ       75%        N/A       1%          5
 Yara's Violent Unravell  Hex/Tmut       26%        3d11      1%          5
 Airstrike                Air            11%        2d(2-18)  7%          4
 Cause Fear               Hex            11%        N/A       7%          4
 Metabolic Englaciation   Hex/Ice        18%        N/A       7%          5
 Arcjolt                  Conj/Air       11%        1d21      21%         5
 Fireball                 Conj/Fire      11%        3d7       21%         5
 Iskenderun's Battlesphe  Conj           23%        2d8       21%         5
 Lightning Bolt           Conj/Air       11%        1d24      21%         5
 Silence                  Hex/Air        11%        N/A       21%         5
 Dispersal                Tloc           33%        N/A       1%          6
 Dragon Form              Tmut           36%        N/A       4%          7
 Death Channel            Necr           26%        N/A       9%          6
 Iron Shot                Conj/Erth      26%        9d6       9%          6
 Simulacrum               Ice/Necr       26%        N/A       12%         6
 Storm Form               Tmut/Air       26%        N/A       45%         7
 Ozocubu's Refrigeration  Ice            25%        4d13      58%         7
 Disjunction              Tloc           33%        N/A       58%         8
 Conjure Ball Lightning   Conj/Air       11%        3x3d6     71%         6
 Borgnjor's Revivificati  Necr           26%        N/A       98%         8
 Lehudib's Crystal Spear  Conj/Erth      26%        10d7      98%         8
 Orb of Destruction       Conj           11%        9d6       99%         7
 Shatter                  Erth           36%        3d29*     99%         9
 Discord                  Hex            11%        N/A       100%        8
 Maxwell's Capacitive Co  Air            11%        ∞         100%        8
 Death's Door             Necr           26%        N/A       100%        9
 Polar Vortex             Ice            25%        N/A       100%        9


Dungeon Overview and Level Annotations

Branches:
Dungeon (15/15)            Temple (1/1) D:7            Lair (5/5) D:11
 Shoals (4/4) Lair:3        Snake (4/4) Lair:3        Slime (5/5) Lair:5
    Orc (2/2) D:12            Elf (3/3) Orc:2        Vaults (5/5) D:13
 Depths (4/4) D:15           Hell (visited)             Dis (7/7) Hell
    Coc (7/7) Hell         Bailey (visited)           IceCv (visited)
  Crypt: Vaults:2-3     Geh: Hell:1         Tar: Hell:1         Zot: Depths:4

Altars:
Ashenzari
Cheibriados
Elyvilon
Fedhas
Gozag
Kikubaaqudgha
Nemelex Xobeh
Okawaru
Qazlal
Sif Muna
Uskayaw
Vehumet
Xom
Yredelemnul
Zin
Jiyva

Shops:
D:11 *   D:13 (   Orc:2 :([*   Elf:2 !   Elf:3 ::[   Shoals:1 *   Shoals:2 :
Shoals:4 (   Snake:2 *   Vaults:2 :   Vaults:4 (   Depths:2 *

Portals:
Hell: Depths:2
Abyss: Shoals:2 Depths:3
Pandemonium: Depths:2

Annotations:
D:8 Pikel
D:9 3 runed translucent doors, MrShunz's ghost, journeyman VSBr
Shoals:2 2 transporters, postfeelist's ghost, adept HOFi
Elf:2 2 runed translucent doors
Depths:2 exclusion: orange crystal statue
Coc:7 Antaeus


Innate Abilities, Weirdness & Mutations

You are a living statue of rough stone.
Your actions are slow, but your melee attacks are powerful.
You are resistant to unholy torment.
Your maximum health is greatly increased.
You are immune to poison.
Your equipment is partially melded.
You have razor-sharp teeth.
Your natural rate of healing is unusually fast.
When hurt, damage is shared between your health and your magic reserves.
Your bite disrupts and absorbs the magic of your enemies.
Potions cannot restore your health.
Your flesh is heat resistant. (rF+)
You are very frail. (-20% HP)
Your spells are a little easier to cast, but a little less powerful.
You sometimes lose the ability to read scrolls when taking damage.


Message History

* * * LOW HITPOINT WARNING * * *
The shard shrike convulses!
The titan convulses!
The frost giant convulses!
The shard shrike convulses!
Antaeus hits you but does no damage. Antaeus misses you.
An Ice Fiend comes into view.
You swap places.
The ice encasing you melts away.
Something barely misses Antaeus.
Something claws Antaeus!
Something freezes Antaeus!
Antaeus resists.
Your hell beast bites Antaeus!
Your hell beast barely misses Antaeus.
Something claws Antaeus but does no damage.
Your hell beast bites Antaeus but does no damage.
Your hell beast completely misses Antaeus.
Antaeus gestures at you.
The bolt of lightning hits your hell beast!!
The bolt of lightning hits you. You resist.
* * * LOW HITPOINT WARNING * * *
The Ice Fiend calls on the powers of darkness!
The shard shrike convulses!
The frost giant convulses!
Your body is wracked with pain!
* * * LOW HITPOINT WARNING * * *
Something claws your hell beast!! Something freezes your hell beast!!
The Ice Fiend completely misses you. x2; Antaeus hits Antaeus!!!
Antaeus freezes Antaeus!
Antaeus resists.
Antaeus hits Antaeus but does no damage.
The Ice Fiend calls on the powers of darkness!
The shard shrike convulses!
The frost giant convulses!
The shard shrike convulses!
Your body is wracked with pain!
* * * LOW HITPOINT WARNING * * *
Something claws your hell beast! Something freezes your hell beast!!!
Your hell beast dies!
Your hell beast disappears in a puff of smoke!
The frost giant casts a spell at you.
The bolt of cold hits the nargun but does no damage.
The bolt of cold hits Antaeus!
Antaeus resists.
The bolt of cold hits Antaeus.
Antaeus resists.
The bolt of cold hits you! You resist.
You die...

.. .~. .~~~~.
#.1E~ ##b#CC
########.1.####.
#.....#°≈9≈....≈
..1...§#C1≈≈≈≈≈≈
....9E2C#.≈≈≈≈≈≈
..#.#918#.≈≈≈≈≈≈
.~~~E.1.#.≈≈≈≈≈≈
..~~~E..#.≈≈≈≈≈≈
~~~~~..#.≈≈≈≈≈≈≈
#~~#E.# ≈≈≈≈≈≈≈≈
.##.## ≈≈≈≈≈≈≈≈
.≈ ≈≈ ≈≈ ≈≈≈


You could see Antaeus (ally target), a shard shrike, a frost giant (ally
target), 5 Ice Fiends, 2 elemental wellsprings, 3 narguns, 3 water elementals,
the friendly Antaeus (summoned, drained) and a friendly hell beast (summoned).

Vanquished Creatures
  the Royal Jelly (Slime:5)
  Gloorx Vloq (Pan)
  3 pandemonium lords (Pan)
  Dispater (Dis:7)
  2 dread liches
  2 ancient liches
  A juggernaut (Depths:1)
  2 shard shrikes (Coc:7)
  29 caustic shrikes
  Geryon (Hell)
  A bone dragon (Coc:5)
  9 golden dragons
  15 Tzitzimimeh (Pan)
  An iron giant (Dis:7)
  3 Brimstone Fiends (Pan)
  A walking crystal tome (Depths:3)
  A shard shrike skeleton (Coc:5)
  4 tentacled monstrosities
  8 Ice Fiends
  6 liches
  17 Hell Sentinels
  7 quicksilver dragons
  A walking divine tome (Depths:1)
  2 deep elf blademasters (Elf:3)
  2 deep elf master archers (Elf:3)
  3 titans (Vaults:5)
  14 Executioners (Pan)
  A kraken (Shoals:3)
  3 sphinxes
  23 ancient champions
  An acid blob (Slime:4)
  5 tengu reavers
  2 storm dragons
  5 shadow dragons
  10 nagarajas (Snake:4)
  6 quicksilver elementals
  A fire giant (shapeshifter) (Depths:2)
  A fenstrider witch (Shoals:3)
  5 rockslimes
  6 azure jellies (Slime:5)
  6 fire giants
  8 narguns
  4 deep elf sorcerers
  13 frost giants
  4 iron dragons
  A deep elf elementalist (Elf:3)
  A shard shrike simulacrum (Coc:3)
  10 vault wardens
  Louise (Snake:3)
  6 cacodemons
  3 curse skulls
  11 balrugs (Pan)
  2 quicksilver oozes
  An orc warlord (Vaults:4)
  7 ironbound preservers
  22 war gargoyles
  3 demonspawn corrupters (Pan)
  17 stone giants
  A caustic shrike skeleton (Depths:3)
  A quicksilver ooze (shapeshifter) (Abyss:4)
  7 reapers
  4 demonspawn blood saints (Pan)
  10 deep elf demonologists
  A vampire knight (Depths:2)
  20 very ugly things
  12 elemental wellsprings
  6 ironbound thunderhulks
  5 lorocyprocas (Pan)
  A spark wasp (Depths:2)
  Nessos (Lair:3)
  A demonspawn black sun (Pan)
  6 deep elf annihilators (Elf:3)
  3 wendigos
  4 blizzard demons
  4 deep elf death magi
  4 green deaths (Pan)
  17 iron golems
  A great orb of eyes (Slime:5)
  2 crystal guardians (Abyss:4)
  Josephine (D:11)
  6 deep elf high priests
  4 merfolk javelineers
  2 salamander tyrants (Snake:4)
  5 yaktaur captains
  9 ettins
  6 merfolk impalers (Shoals:4)
  2 spriggan zombies (Hell)
  11 ice dragons
  8 fire dragons
  29 vault guards
  The ghost of pener the Marksminotaur, a journeyman MiHu of Okawaru (D:12)
  2 hydras (Lair:5)
  2 rakshasas (Depths:2)
  4 spriggan air magi
  Erolcha (Orc:2)
  A caustic shrike simulacrum (Coc:4)
  A fenstrider witch zombie (Hell)
  3 merfolk aquamancers
  7 centaur warriors
  A merfolk avatar (Shoals:4)
  3 catoblepae
  2 ogre magi
  4 anacondas
  6 ironbound frosthearts
  3 spriggan skeletons
  5 naga warriors
  13 two-headed ogres
  6 hell hogs
  An alligator snapping turtle (Shoals:4)
  3 boulder beetles
  3 deep troll earth magi
  A deep troll shaman (Depths:2)
  3 tengu warriors
  A satyr (Shoals:3)
  Urug (D:11)
  10 dancing weapons
  3 spriggan berserkers
  2 vampire magi
  4 orc high priests
  12 soul eaters
  22 sun demons
  5 thrashing horrors (Abyss:4)
  4 naga sharpshooters
  10 crystal echidnas
  7 deep elf knights
  6 hell knights
  2 salamander mystics (Snake:4)
  5 iron trolls
  5 shadow wraiths
  6 sixfirhies (Pan)
  12 skeletal warriors
  11 large abominations
  A quicksilver dragon simulacrum (Coc:4)
  6 naga ritualists
  An orb spider (shapeshifter) (Vaults:5)
  2 skysharks
  28 deep trolls
  An anaconda zombie (Hell)
  4 glowing orange brains
  A flayed ghost (Depths:2)
  5 phantasmal warriors
  7 sea snakes
  2 shadow demons (Pan)
  9 wizards
  2 orange crystal statues
  2 obsidian statues
  4 deep elf archers
  8 orc knights
  13 ironbound convokers
  4 bog bodies
  A tengu zombie (Depths:1)
  A sphinx zombie (Depths:3)
  A steelbarb worm (shapeshifter) (Depths:3)
  9 harpies
  4 necromancers
  17 deep elf pyromancers
  24 deep elf zephyrmancers
  A fire giant zombie (Hell)
  6 mana vipers
  9 ugly things
  2 cyclopes
  6 salamanders
  A manticore (shapeshifter) (Vaults:5)
  A stone giant zombie (Hell)
  4 fauns (Shoals:3)
  9 manticores
  A sphinx skeleton (Depths:1)
  A shadow dragon zombie (Hell)
  9 orc sorcerers
  8 demonic crawlers
  Joseph (D:8)
  34 slime creatures
  2 water nymphs
  2 guardian serpents (Snake:4)
  A guardian serpent (shapeshifter) (Abyss:4)
  3 centaur skeletons (D:13)
  2 merfolk sirens
  An eye of devastation (D:15)
  9 orange demons
  A rust devil (Pan)
  An elephant (Lair:5)
  A water nymph (shapeshifter) (Depths:3)
  18 black mambas
  6 smoke demons
  8 vault sentinels
  8 naga magi
  A titan simulacrum (Coc:3)
  13 unseen horrors
  A stone giant skeleton (Coc:5)
  3 gargoyles
  9 cane toads
  A naga skeleton (Pan)
  4 kobold demonologists
  2 komodo dragons (shapeshifter)
  10 nameless horrors
  A dire elephant skeleton (Pan)
  A sea snake zombie (Hell)
  An ancient zyme (Abyss:4)
  A yaktaur (shapeshifter) (D:15)
  13 yaktaurs
  Psyche (D:8)
  3 efreet
  3 komodo dragons
  7 hellions
  2 ice devils
  7 anaconda simulacra
  A golden dragon simulacrum (Coc:5)
  2 tengu conjurers
  13 freezing wraiths
  A red devil (Pan)
  6 tormentors
  An iron giant simulacrum (Coc:3)
  A hydra zombie (Hell)
  A harpy zombie (Coc:5)
  3 polar bears
  5 trolls
  4 hellwings (Pan)
  10 merfolk
  A hornet (shapeshifter) (Depths:3)
  2 wind drakes (Shoals:4)
  6 hornets
  2 raiju (Abyss:4)
  8 dream sheep (Lair:5)
  A snapping turtle (Shoals:4)
  9 blink frogs
  3 harpy skeletons
  An iron dragon simulacrum (Coc:5)
  A slime creature (shapeshifter) (Abyss:4)
  A fire giant simulacrum (Depths:1)
  A centaur simulacrum (Coc:2)
  12 spriggans
  3 air elementals
  2 ettin skeletons
  16 ynoxinuls (Pan)
  6 water elementals
  7 wraiths
  An ice dragon skeleton (Pan)
  A naga simulacrum (Hell)
  38 yaks
  A vampire (D:10)
  2 wyverns (Lair:4)
  A human (shapeshifter) (Vaults:5)
  5 dire elephant simulacra
  9 chaos spawn (Pan)
  4 basilisks
  5 neqoxecs (Pan)
  3 minotaur simulacra (IceCv)
  2 vampire mosquitoes (D:14)
  A glowing shapeshifter zombie (Hell)
  7 harpy simulacra
  6 wargs
  An acid dragon (D:8)
  14 nagas
  A demonspawn skeleton (Pan)
  7 water moccasins
  A hydra simulacrum (IceCv)
  2 floating eyes (Depths:2)
  41 orc warriors
  An ice beast (D:7)
  A sky beast (D:7)
  4 black bears (Lair:5)
  3 ettin simulacra
  2 alligator simulacra (IceCv)
  6 ogres
  A black mamba simulacrum (Coc:2)
  26 wolves
  7 boggarts
  A small abomination (Abyss:4)
  13 centaurs
  A phantom (D:5)
  8 kobold brigands
  10 bullfrogs
  2 scorpions
  3 earth elementals
  A necrophage (D:5)
  3 wights (D:8)
  14 killer bees
  A lindwurm simulacrum (IceCv)
  7 howler monkeys
  2 electric eels
  7 hounds
  17 orc priests
  A jelly (D:5)
  Jessica (D:2)
  A gnoll bouda (D:6)
  2 iguanas
  18 orc wizards
  18 gnolls
  7 adders
  A shadow imp (D:4)
  A white imp (Vaults:2)
  2 ufetubi
  2 adder zombies (D:3)
  A worm (D:3)
  2 dart slugs (D:3)
  82 orcs
  3 bats
  6 endoplasms
  6 goblins
  5 hobgoblins
  50 kobolds
  4 quokkas
  7 ball pythons
  A frilled lizard (D:1)
  7 rats
  2 lurking horrors (Abyss:4)
  2 tentacles (Shoals:3)
1778 creatures vanquished.

Vanquished Creatures (collateral kills)
  Cerebov (Pan)
  Mnoleg (Pan)
  A shard shrike (Coc:7)
  Margery (Vaults:3)
  A Tzitzimitl (Pan)
  2 caustic shrikes (Dis:7)
  2 tentacled monstrosities (Vaults:5)
  2 Ice Fiends
  3 iron giants
  7 Hell Sentinels
  A titan (Coc:5)
  A quicksilver dragon (Vaults:4)
  A walking earthen tome (Depths:1)
  9 ancient champions
  An eldritch tentacle (Pan)
  A tentacled starspawn (Abyss:4)
  14 acid blobs
  A sphinx (Vaults:5)
  A tengu reaver (Vaults:5)
  A storm dragon (Depths:3)
  6 azure jellies
  4 nagarajas (Snake:4)
  4 narguns
  2 fire giants
  5 frost giants
  A deep elf sorcerer (Vaults:5)
  3 rockslimes
  A demonspawn warmonger (Pan)
  A frost giant (shapeshifter) (Vaults:5)
  3 iron dragons (Dis:7)
  A vault warden (Vaults:1)
  2 quicksilver elementals
  3 balrugs (Pan)
  3 cacodemons
  The ghost of Deafoat the Quickloader, a journeyman GnHu of Hepliaklqana (D:15)
  3 ironbound preservers
  The ghost of NoOffense the Grappler, a journeyman TrMo of Hepliaklqana (Depths:2)
  2 reapers (Hell)
  3 quicksilver oozes
  A demonspawn blood saint (Pan)
  13 very ugly things
  3 ironbound thunderhulks
  An elemental wellspring (Coc:5)
  2 vampire knights
  5 war gargoyles
  10 stone giants
  3 wendigos (Coc:7)
  A demonspawn black sun (Pan)
  2 lorocyprocas (Hell)
  A dire elephant (Vaults:1)
  A crystal guardian (Hell)
  2 deep elf death magi
  2 merfolk javelineers
  2 green deaths (Pan)
  3 merfolk impalers
  10 iron golems
  4 ettins
  2 blizzard demons (Hell)
  A fire dragon (Depths:1)
  2 rakshasas
  A great orb of eyes (Slime:4)
  A hell beast (Depths:2)
  2 vault guards (Vaults:3)
  2 spriggan skeletons
  A deep elf high priest (Vaults:5)
  A spriggan air mage (Depths:2)
  A salamander tyrant (Snake:4)
  3 caustic shrike simulacra
  A hydra (D:13)
  3 ice dragons
  2 centaur warriors
  An ironbound frostheart (Vaults:1)
  3 merfolk aquamancers
  3 anacondas
  A deep troll shaman (Depths:1)
  2 boulder beetles
  2 tengu warriors
  4 hell hogs (Hell)
  3 naga sharpshooters
  3 deep troll earth magi
  A shock serpent (Snake:4)
  3 hell knights (Vaults:3)
  2 soul eaters (Pan)
  8 sun demons
  3 crystal echidnas
  2 skeletal warriors
  4 sea snakes
  2 sixfirhies (Pan)
  A goliath frog (shapeshifter) (Abyss:4)
  A flayed ghost (Depths:3)
  A golden dragon zombie (Depths:3)
  4 orange crystal statues (Hell)
  4 bog bodies
  2 quicksilver dragon simulacra
  14 deep trolls
  2 glowing orange brains
  2 necromancers
  An anaconda skeleton (Hell)
  An ironbound convoker (Vaults:1)
  A naga ritualist (Snake:4)
  2 harpies (Vaults:1)
  A shadow dragon zombie (Hell)
  A spriggan simulacrum (Coc:5)
  6 ugly things
  9 shining eyes
  An orc knight (Orc:2)
  An iron dragon zombie (Hell)
  A frost giant zombie (Hell)
  2 cyclopes
  2 stone giant zombies (Hell)
  4 salamanders (Snake:4)
  2 merfolk sirens
  2 ice statues (Hell)
  5 naga magi
  3 smoke demons
  5 black mambas
  A demonic crawler (Hell)
  2 guardian serpents (Snake:4)
  A titan simulacrum (Coc:5)
  2 water nymphs
  2 centaur skeletons
  An alligator snapping turtle zombie (Coc:5)
  5 vault sentinels
  An orange demon (Pan)
  5 eyes of devastation
  8 freezing wraiths
  4 large abominations (Pan)
  An alligator snapping turtle skeleton (Hell)
  An efreet (Pan)
  2 tormentors
  A sea snake zombie (Hell)
  4 anaconda simulacra
  A golden dragon simulacrum (IceCv)
  3 ice devils
  8 yaktaurs
  2 iron giant simulacra
  A harpy zombie (Coc:5)
  A wind drake (Shoals:4)
  A red devil (Pan)
  10 merfolk
  5 raiju (Abyss:4)
  A meliai (shapeshifter) (D:13)
  A nameless horror (Vaults:5)
  A hydra skeleton (Hell)
  A harpy skeleton (Hell)
  6 dream sheep
  2 snapping turtles (Shoals:4)
  A spriggan zombie (Hell)
  49 slime creatures
  2 alligator zombies (Hell)
  3 dire elephant simulacra
  4 ynoxinuls (Pan)
  7 water elementals
  A golden eye (Slime:5)
  A vampire mosquito (D:14)
  A chaos spawn (Pan)
  13 neqoxecs (Pan)
  A sea snake simulacrum (Hell)
  10 nagas
  4 harpy simulacra
  A floating eye (Pan)
  3 orc warriors
  An alligator simulacrum (IceCv)
  A black bear (Lair:5)
  An ettin simulacrum (IceCv)
  A wight (D:8)
  2 lindwurm simulacra (IceCv)
  A killer bee (D:7)
  A howler monkey (D:6)
  An iguana (D:6)
  2 gnolls (D:6)
  2 kobolds
  A ball lightning (Pan)
  2 plants (Depths:2)
  3 tentacles (Shoals:3)
523 creatures vanquished.

Vanquished Creatures (others)
  An ancient lich (Vaults:5)
  A titan (Coc:7)
  2 narguns (Coc:7)
  5 shard shrike simulacra
  A war gargoyle (Vaults:5)
  A wendigo (Coc:7)
  A green death (Pan)
  2 caustic shrike simulacra (Coc:7)
  A naga warrior (Snake:4)
  A deep elf knight (Elf:2)
  A soul eater (Hell)
  A sixfirhy (Pan)
  3 wizards (Pan)
  2 spriggan simulacra (Coc:7)
  A deep elf zephyrmancer (Elf:2)
  An ugly thing (Pan)
  2 smoke demons (Pan)
  An iron giant simulacrum (Coc:5)
  A ynoxinul (Pan)
  A fire elemental (Elf:2)
  A steam dragon (D:7)
  An orc warrior (Orc:2)
  A gnoll (D:5)
  A kobold (D:13)
  23 ball lightnings (Pan)
  A block of ice (Pan)
  21 fungi
  101 plants
  12 snaplasher vines
  2 starspawn tentacles (Abyss:4)
  6 tentacles (Shoals:3)
200 creatures vanquished.

Grand Total: 2501 creatures vanquished

Notes
Turn   | Place    | Note
-------+----------+-------------------------------------------
     0 | D:1      | M4edhros the Vine Stalker Monk began the quest for the Orb.
     0 | D:1      | Reached XP level 1. HP: 11/11 MP: 2/2
   223 | D:1      | Reached XP level 2. HP: 16/16 MP: 3/3
   697 | D:2      | Reached XP level 3. HP: 16/19 MP: 4/4
   944 | D:3      | Gained mutation: Your natural rate of healing is unusually
                  | fast. [Vine Stalker growth]
   944 | D:3      | Reached XP level 4. HP: 23/23 MP: 5/5
  1008 | D:4      | Reached skill level 5 in Unarmed Combat
  1491 | D:4      | Reached XP level 5. HP: 25/27 MP: 6/6
  1619 | D:5      | Entered Level 5 of the Dungeon
  1751 | D:5      | Reached XP level 6. HP: 32/32 MP: 7/7
  1947 | D:5      | Reached XP level 7. HP: 27/35 MP: 8/8
  2890 | D:7      | Gained mutation: You have razor-sharp teeth. [Vine Stalker
                  | growth]
  2890 | D:7      | Reached XP level 8. HP: 24/39 MP: 6/9
  2940 | D:7      | Learned a level 3 spell: Call Canine Familiar
  3022 | D:7      | Found a white marble altar of Elyvilon.
  3102 | D:7      | Reached skill level 1 in Summonings
  3170 | D:7      | Reached skill level 2 in Summonings
  3193 | D:7      | Reached skill level 3 in Summonings
  3202 | D:7      | Reached skill level 10 in Unarmed Combat
  3419 | D:7      | Found a staircase to the Ecumenical Temple.
  3433 | Temple   | Entered the Ecumenical Temple
  3454 | Temple   | Became a worshipper of Cheibriados the Contemplative
  3454 | Temple   | Reached * piety under Cheibriados
  3454 | Temple   | Reached ** piety under Cheibriados
  3492 | D:7      | Reached skill level 4 in Summonings
  3492 | D:7      | Reached XP level 9. HP: 43/45 MP: 10/10
  3691 | D:2      | Noticed Jessica
  3698 | D:2      | Killed Jessica
  4142 | D:6      | Reached *** piety under Cheibriados
  4283 | D:6      | Reached skill level 5 in Summonings
  4321 | D:6      | Reached **** piety under Cheibriados
  4410 | D:8      | Noticed Psyche
  4420 | D:8      | Killed Psyche
  4585 | D:8      | Identified 2 scrolls of acquirement
  4585 | D:8      | Acquired an amulet of reflection
  4595 | D:8      | Noticed Pikel
  4615 | D:8      | Reached skill level 6 in Summonings
  4725 | D:8      | Found a flagged portal.
  4739 | Bailey   | Entered a bailey
  4770 | Bailey   | Learned a level 3 spell: Ozocubu's Armour
  4801 | Bailey   | Reached skill level 5 in Fighting
  4801 | Bailey   | Reached skill level 1 in Ice Magic
  4826 | Bailey   | Reached XP level 10. HP: 23/51 MP: 4/11
  4838 | Bailey   | Noticed an orc knight
  4873 | Bailey   | Killed an orc knight
  4874 | Bailey   | Reached skill level 5 in Dodging
  4912 | Bailey   | Found a large runed translucent door.
  4912 | Bailey   | Found a large runed translucent door.
  4913 | Bailey   | Noticed a deep elf pyromancer
  4951 | Bailey   | Killed a deep elf pyromancer
  4965 | Bailey   | Identified the +1 robe of Rotation {rC+ Str+2 Dex-3}
  5043 | D:8      | Acquired the +2 helmet of Rotten Life {rN++ rCorr}
  5129 | D:8      | Noticed Joseph
  5140 | D:8      | Killed Joseph
  5141 | D:8      | Reached skill level 1 in Invocations
  5194 | D:9      | Reached skill level 5 in Ice Magic
  5240 | D:9      | Found a runed translucent gate.
  5240 | D:9      | Found a runed translucent gate.
  5241 | D:9      | Found a runed translucent gate.
  5242 | D:9      | Noticed MrShunz's ghost (journeyman VSBr)
  5314 | D:9      | Reached ***** piety under Cheibriados
  5423 | D:9      | Noticed a gargoyle
  5429 | D:9      | Killed a gargoyle
  5445 | D:10     | Entered Level 10 of the Dungeon
  5682 | D:10     | Reached skill level 1 in Armour
  5754 | D:9      | Reached XP level 11. HP: 57/58 MP: 15/15
  5857 | D:10     | Found an ancient bone altar of Kikubaaqudgha.
  5858 | D:10     | Noticed a two-headed ogre
  5864 | D:10     | Killed a two-headed ogre
  5885 | D:11     | Found a staircase to the Lair.
  5892 | D:11     | Reached skill level 5 in Invocations
  5939 | D:12     | Noticed a boulder beetle
  5956 | D:12     | Killed a boulder beetle
  6028 | D:12     | Found a staircase to the Orcish Mines.
  6046 | Orc:1    | Entered Level 1 of the Orcish Mines
  6079 | Orc:2    | Entered Level 2 of the Orcish Mines
  6098 | Orc:2    | Found a staircase to the Elven Halls.
  6118 | Orc:2    | Noticed an orc knight
  6124 | Orc:2    | Reached ****** piety under Cheibriados
  6126 | Orc:2    | Noticed an orc knight
  6130 | Orc:2    | Killed an orc knight
  6141 | Orc:2    | Killed an orc knight
  6148 | Orc:2    | Found Myptev's Antique Weapon Shop.
  6148 | Orc:2    | Found Zeecvary's Armour Shoppe.
  6150 | Orc:2    | Found Ynonalog's Assorted Antiques.
  6152 | Orc:2    | Found Xora's Book Boutique.
  6161 | Orc:2    | Bought a book of Blood for 308 gold pieces
  6173 | Orc:2    | Reached skill level 7 in Summonings
  6243 | Orc:2    | Noticed Erolcha
  6261 | Orc:2    | Killed Erolcha
  6262 | Orc:2    | Reached XP level 12. HP: 63/65 MP: 16/16
  6340 | Orc:2    | Reached skill level 8 in Summonings
  6368 | Orc:2    | Noticed a two-headed ogre
  6375 | Orc:2    | Killed a two-headed ogre
  6569 | Orc:1    | You fall into a shaft and drop 1 floor!
  6651 | Orc:1    | Reached skill level 9 in Summonings
  6803 | Orc:1    | Reached skill level 10 in Summonings
  6825 | Orc:1    | Noticed an orc high priest
  6835 | Orc:1    | Killed an orc high priest
  6838 | Orc:1    | Noticed a two-headed ogre
  6844 | Orc:1    | Killed a two-headed ogre
  6903 | Orc:1    | Learned a level 7 spell: Summon Hydra
  6990 | D:12     | Noticed a two-headed ogre
  6991 | D:12     | Noticed a two-headed ogre
  6991 | D:12     | Noticed pener's ghost (journeyman MiHu)
  6992 | D:12     | Found a transporter.
  6993 | D:12     | Noticed a two-headed ogre
  6994 | D:12     | Noticed a two-headed ogre
  6994 | D:12     | Noticed a two-headed ogre
  6996 | D:12     | Found a transporter.
  7031 | D:12     | Killed a two-headed ogre
  7032 | D:12     | Reached skill level 11 in Summonings
  7033 | D:12     | Killed a two-headed ogre
  7037 | D:12     | Killed a two-headed ogre
  7046 | D:12     | Killed a two-headed ogre
  7051 | D:12     | Killed a two-headed ogre
  7052 | D:12     | Reached XP level 13. HP: 45/69 MP: 19/21
  7056 | D:12     | Killed pener's ghost
  7057 | D:12     | Reached skill level 5 in Spellcasting
  7057 | D:12     | Reached skill level 12 in Summonings
  7065 | D:12     | Acquired the +3 Mad Mage's Maulers {Infuse+∞ VampMP -Cast}
  7065 | D:12     | Found the +3 Mad Mage's Maulers {Infuse+∞ VampMP -Cast}
  7250 | D:11     | Noticed Urug
  7273 | D:11     | Killed Urug
  7319 | D:11     | Noticed Josephine
  7325 | D:11     | Killed Josephine
  7371 | D:11     | Found Ciameod's General Store.
  7379 | D:11     | Bought a scroll of acquirement for 728 gold pieces
  7379 | D:11     | Acquired 931 gold pieces
  7549 | Lair:1   | Entered Level 1 of the Lair of Beasts
  7983 | Lair:3   | Found a staircase to the Snake Pit.
  7997 | Lair:3   | Noticed Nessos
  8000 | Lair:3   | Killed Nessos
  8023 | Lair:3   | You fall into a shaft and drop 1 floor!
  8029 | Lair:4   | Reached XP level 14. HP: 74/75 MP: 22/22
  8101 | Lair:5   | Entered Level 5 of the Lair of Beasts
  8245 | Lair:5   | Reached skill level 1 in Evocations
  8285 | Lair:4   | Reached skill level 5 in Armour
  8625 | Lair:5   | Found a viscous altar of Jiyva.
  8626 | Lair:5   | Found a staircase to the Slime Pits.
  9322 | Lair:3   | Found a staircase to the Shoals.
  9353 | Snake:1  | Entered Level 1 of the Snake Pit
  9599 | Orc:2    | Bought warped quicksilver dragon scales for 1365 gold
                  | pieces
  9599 | Orc:2    | Identified the quicksilver dragon scales of Bedevilment
                  | {Will+ Regen+ Stlth+} (You bought it in a shop on level 2
                  | of the Orcish Mines)
  9643 | Elf:1    | Entered Level 1 of the Elven Halls
  9701 | Elf:1    | Reached skill level 13 in Summonings
  9704 | Elf:1    | Reached skill level 10 in Fighting
  9825 | Elf:2    | Found Gokk's Distillery.
  9842 | Elf:2    | Reached skill level 5 in Evocations
  9842 | Elf:2    | Reached XP level 15. HP: 80/80 MP: 27/27
  9856 | Elf:2    | Bought a potion of attraction for 36 gold pieces
  9990 | Elf:2    | Found a large runed translucent door.
  9990 | Elf:2    | Found a large runed translucent door.
 10070 | Elf:1    | Learned a level 1 spell: Apportation
 10084 | Elf:1    | Identified the +4 scimitar of the Blessed Realm {flame,
                  | rPois}
 10205 | Elf:3    | Entered Level 3 of the Elven Halls
 10233 | Elf:3    | Found Nefogageu's Book Boutique.
 10233 | Elf:3    | Found Xurisch's Book Shop.
 10346 | Elf:3    | Found Zalolur's Armour Shoppe.
 10414 | Elf:3    | Noticed a deep elf sorcerer
 10415 | Elf:3    | Noticed a deep elf blademaster
 10417 | Elf:3    | Noticed a deep elf master archer
 10419 | Elf:3    | Killed a deep elf sorcerer
 10419 | Elf:3    | Killed a deep elf blademaster
 10423 | Elf:3    | Paralysed by an air elemental for 1 turns
 10424 | Elf:3    | Killed a deep elf master archer
 10425 | Elf:3    | Reached skill level 14 in Summonings
 10441 | Elf:3    | Noticed an Ice Fiend
 10443 | Elf:3    | Noticed an Executioner
 10444 | Elf:3    | Noticed a deep elf blademaster
 10445 | Elf:3    | Reached skill level 10 in Spellcasting
 10447 | Elf:3    | Noticed a deep elf master archer
 10455 | Elf:3    | Killed a deep elf blademaster
 10456 | Elf:3    | Killed a deep elf master archer
 10543 | Elf:3    | Noticed a deep elf elementalist
 10558 | Elf:3    | Killed a deep elf elementalist
 10563 | Elf:3    | Identified the +11 scimitar of Conscience {flame, *Slow
                  | rN++ rCorr Str+2}
 10564 | Elf:3    | Noticed a deep elf sorcerer
 10575 | Elf:3    | Noticed a balrug
 10577 | Elf:3    | Noticed an Executioner
 10578 | Elf:3    | Killed a deep elf sorcerer
 10579 | Elf:3    | Gained mutation: You have a somewhat thin skeletal
                  | structure. (Dex +2, Stealth+) [a cacodemon]
 10618 | Elf:3    | Reached skill level 15 in Summonings
 10642 | Elf:3    | Identified the +0 mace of the Beloved God {vamp, rC+}
 10643 | Elf:3    | Identified the ring of the Sky {Fire rPois rCorr MP+9
                  | Dex+2}
 10670 | Elf:3    | Found the +2 shield of Resistance {rF++ rC++ Will++}
 10683 | Elf:3    | Identified the ring of Jaxkapna {Int+6 Dex+4}
 10708 | Elf:3    | Identified the +9 morningstar of Couh {antimagic, rElec
                  | Dex+3}
 10924 | Elf:3    | Bought a book of Sloth for 612 gold pieces
 10931 | Elf:3    | Learned a level 6 spell: Statue Form
 10936 | Elf:3    | Learned a level 4 spell: Summon Lightning Spire
 10972 | Elf:2    | Reached XP level 16. HP: 85/85 MP: 31/31
 11033 | Elf:3    | Reached skill level 1 in Shields
 11033 | Elf:3    | Reached skill level 1 in Transmutations
 11033 | Elf:3    | Reached skill level 1 in Earth Magic
 11232 | Elf:1    | Paralysed by an air elemental for 1 turns
 11276 | Elf:1    | Got the Cyclopedia of the Missiles
 11737 | Snake:2  | Found a frozen archway.
 11746 | IceCv    | Entered an ice cave
 11919 | IceCv    | Noticed a lich
 11937 | IceCv    | Killed a lich
 11938 | IceCv    | Reached skill level 5 in Transmutations
 11938 | IceCv    | Reached skill level 5 in Earth Magic
 12029 | IceCv    | Identified the +1 pair of boots "Naerat" {rElec rC+}
 12102 | IceCv    | Reached skill level 5 in Shields
 12145 | IceCv    | Found an ancient bone altar of Kikubaaqudgha.
 12384 | Snake:2  | Found Vexofuef's Neck Hole.
 12578 | Snake:2  | Reached XP level 17. HP: 77/89 MP: 33/33
 12627 | Snake:3  | Noticed Louise
 12643 | Snake:3  | Killed Louise
 12746 | Snake:4  | Entered Level 4 of the Snake Pit
 13190 | Snake:4  | Got a serpentine rune of Zot
 13395 | Shoals:1 | Entered Level 1 of the Shoals
 13403 | Shoals:1 | Found Ykueg's General Store.
 13411 | Shoals:1 | Bought a scroll of fog for 60 gold pieces
 13411 | Shoals:1 | Bought a scroll of teleportation for 45 gold pieces
 13471 | Shoals:2 | Reached XP level 18. HP: 93/93 MP: 24/34
 13487 | Shoals:2 | Found a transporter.
 13499 | Shoals:2 | Found a transporter.
 13500 | Shoals:2 | Found a one-way gate to the infinite horrors of the Abyss.
 13500 | Shoals:2 | Noticed postfeelist's ghost (adept HOFi)
 13504 | Shoals:2 | Noticed a profane servitor
 13660 | Shoals:2 | Found Qappimoa's Vocational Training.
 13815 | Shoals:4 | Entered Level 4 of the Shoals
 13855 | Shoals:4 | Reached skill level 10 in Transmutations
 13860 | Shoals:4 | Reached skill level 10 in Earth Magic
 14205 | Shoals:4 | Got a barnacled rune of Zot
 14219 | Shoals:4 | Found Mackur's Antique Weapon Shoppe.
 14512 | D:13     | Found Haon's Weapon Boutique.
 14535 | D:13     | Reached skill level 10 in Shields
 14648 | D:13     | Found a gate to the Vaults.
 14660 | Vaults:1 | Entered Level 1 of the Vaults
 14753 | Vaults:1 | Reached XP level 19. HP: 98/98 MP: 33/35
 14929 | Vaults:2 | Found Neaqatih's Book Emporium.
 14940 | Vaults:2 | Bought a book of the Wilderness for 646 gold pieces
 14949 | Vaults:2 | Learned a level 5 spell: Summon Forest
 14965 | Vaults:2 | Learned a level 6 spell: Summon Cactus Giant
 15225 | Vaults:4 | Found Olar's Antique Weapon Shop.
 15275 | Vaults:4 | Learned a level 6 spell: Eringya's Noxious Bog
 15281 | Vaults:5 | Entered Level 5 of the Vaults
 15281 | Vaults:5 | Noticed an ancient lich
 15288 | Vaults:5 | Reached skill level 1 in Poison Magic
 15288 | Vaults:5 | Killed an ancient lich
 15358 | Vaults:5 | Identified the +9 long sword "Pumosch" {freeze, rN++ rCorr
                  | Int-3 Stlth+}
 15359 | Vaults:5 | Noticed a tentacled monstrosity
 15360 | Vaults:5 | Noticed a tentacled monstrosity
 15377 | Vaults:5 | Killed a tentacled monstrosity
 15379 | Vaults:5 | Killed a tentacled monstrosity
 15463 | Vaults:5 | Noticed a dread lich
 15479 | Vaults:5 | Noticed a tentacled monstrosity
 15484 | Vaults:4 | Noticed a Tzitzimitl
 15487 | Vaults:4 | Killed a dread lich
 15495 | Vaults:5 | Noticed a Tzitzimitl
 15505 | Vaults:5 | Reached XP level 20. HP: 103/103 MP: 20/36
 15526 | Vaults:5 | Noticed an ancient lich
 15534 | Vaults:5 | Killed an ancient lich
 15577 | Vaults:5 | Reached skill level 5 in Poison Magic
 15597 | Vaults:5 | Identified the +0 plate armour of Gallantry {+Inv Str+5}
 15663 | Vaults:5 | Reached skill level 10 in Invocations
 15695 | Vaults:5 | Identified the +1 shortbow of Ascent {freeze, Dex+2}
 15695 | Vaults:5 | Noticed a golden dragon
 15704 | Vaults:5 | Killed a golden dragon
 15787 | Vaults:5 | Got a silver rune of Zot
 15860 | Vaults:5 | Reached skill level 1 in Translocations
 16041 | Vaults:5 | Got the Papyrus of the Amorphous Coward
 16098 | Vaults:5 | Identified the +3 lajatang "Retam" {speed, Will+}
 16148 | Vaults:5 | Identified the ring of Symmetry {Fly Will- rCorr Str+4
                  | Int+6}
 16191 | Vaults:5 | Identified the +5 battleaxe of Certain Death {vamp, SInv}
 16276 | Vaults:4 | Reached XP level 21. HP: 109/109 MP: 32/37
 16460 | Vaults:3 | Noticed Margery
 16472 | Vaults:3 | Killed Margery
 17095 | D:15     | Entered Level 15 of the Dungeon
 17136 | D:14     | Learned a level 9 spell: Dragon's Call
 17195 | D:15     | Found a hide-covered altar of Uskayaw.
 17316 | D:15     | Found a runed translucent gate.
 17317 | D:15     | Found a runed translucent gate.
 17317 | D:15     | Found a runed translucent gate.
 17317 | D:15     | Noticed Deafoat's ghost (journeyman GnHu)
 17320 | D:15     | Found a viscous altar of Jiyva.
 17335 | D:15     | Killed Deafoat's ghost
 17349 | D:15     | Got the Treatise on Brumal Blight
 17526 | D:15     | Found a staircase to the Depths.
 17535 | Depths:1 | Entered Level 1 of the Depths
 17597 | Depths:1 | Identified the +5 quarterstaff "Dragonslayer" {drain, Fly
                  | rF+ rC+++ Int-3}
 17622 | Depths:1 | Reached XP level 22. HP: 115/115 MP: 40/40
 17743 | Depths:1 | Reached skill level 5 in Translocations
 17750 | Depths:1 | Reached skill level 16 in Summonings
 17796 | Depths:1 | Noticed a golden dragon
 17804 | Depths:1 | Killed a golden dragon
 17811 | Depths:1 | Noticed a golden dragon
 17812 | Depths:1 | Noticed a juggernaut
 17815 | Depths:1 | Killed a golden dragon
 17819 | Depths:1 | Killed a juggernaut
 17856 | Depths:1 | Identified the +3 longbow "Goblinbane" {heavy, rCorr Str-4
                  | Int+2}
 17963 | Depths:2 | Found a stormy altar of Qazlal.
 18025 | Depths:2 | Reached skill level 15 in Unarmed Combat
 18117 | Depths:2 | Identified the +2 plate armour "Dodaneme" {rElec Dex+5}
 18215 | Depths:3 | Reached skill level 15 in Spellcasting
 18403 | Depths:3 | Noticed a golden dragon
 18405 | Depths:3 | Noticed a caustic shrike
 18416 | Depths:3 | Killed a golden dragon
 18421 | Depths:3 | Killed a caustic shrike
 18560 | Depths:3 | Got the Catalogue of Fuming Assaults
 18762 | Depths:3 | Reached XP level 23. HP: 121/121 MP: 44/44
 18766 | Depths:3 | Reached skill level 17 in Summonings
 18785 | Depths:3 | Noticed a dread lich
 18798 | Depths:3 | Killed a dread lich
 18843 | Depths:4 | Entered Level 4 of the Depths
 18896 | Depths:3 | Got the Omnibus of the Monk
 18900 | Depths:3 | Reached skill level 15 in Shields
 18922 | Depths:3 | Voluntarily entered the Abyss.
 18999 | Abyss:4  | Got an abyssal rune of Zot
 19055 | Depths:3 | Escaped the Abyss
 19185 | Depths:2 | Found a runed translucent gate.
 19185 | Depths:2 | Found a runed translucent gate.
 19185 | Depths:2 | Found a runed translucent gate.
 19188 | Depths:2 | Found an opulent altar of Gozag.
 19188 | Depths:2 | Noticed a golden dragon
 19190 | Depths:2 | Found Nifearr's Assorted Antiques.
 19191 | Depths:2 | Noticed NoOffense's ghost (journeyman TrMo)
 19202 | Depths:2 | Killed a golden dragon
 19208 | Depths:2 | Killed NoOffense's ghost
 19221 | Depths:2 | Bought a scroll of blinking for 127 gold pieces
 19221 | Depths:2 | Bought a bound ruby amulet for 85 gold pieces
 19221 | Depths:2 | Identified the amulet of Dicetes {+Inv Regen+ Dex+3 Slay+3}
                  | (You bought it in a shop on level 2 of the Depths)
 19221 | Depths:2 | Bought a scroll of teleportation for 51 gold pieces
 19311 | Depths:2 | Found a one-way gate leading to the halls of Pandemonium.
 19321 | Depths:2 | Found a runed translucent door.
 19327 | Depths:2 | Found a runed translucent door.
 19332 | Depths:2 | Noticed a golden dragon
 19351 | Depths:2 | Killed a golden dragon
 19430 | Pan      | Entered Pandemonium
 19561 | Pan      | Reached skill level 18 in Summonings
 19586 | Pan      | Noticed Nonnatuz the pandemonium lord
 19744 | Pan      | Killed Nonnatuz the pandemonium lord
 19758 | Pan      | Got a demonic rune of Zot
 19796 | Pan      | Gained mutation: Armour fits poorly on your strangely
                  | shaped body. [a cacodemon]
 19826 | Pan      | Reached skill level 5 in Stealth
 19904 | Pan      | Reached XP level 24. HP: 127/127 MP: 45/45
 19941 | Pan      | Gained mutation: Your spells are a little easier to cast,
                  | but a little less powerful. [a neqoxec]
 19941 | Pan      | Gained mutation: You are frail. (-10% HP) [a neqoxec]
 19997 | Pan      | Entered the realm of Gloorx Vloq.
 20195 | Pan      | Noticed Gloorx Vloq
 20219 | Pan      | Killed Gloorx Vloq
 20239 | Pan      | Got a dark rune of Zot
 20347 | Pan      | Reached skill level 19 in Summonings
 20384 | Pan      | Noticed Viorgh the pandemonium lord
 20394 | Pan      | Killed Viorgh the pandemonium lord
 20404 | Pan      | Reached skill level 10 in Dodging
 20419 | Pan      | Entered the realm of Mnoleg.
 20443 | Pan      | Found an exit through the horrors of the Abyss.
 20575 | Pan      | Noticed Mnoleg
 20582 | Pan      | Gained mutation: You occasionally lose the ability to read
                  | scrolls when taking damage. [a neqoxec]
 20582 | Pan      | Gained mutation: You sometimes lose your temper in combat.
                  | [a cacodemon]
 20583 | Pan      | Gained mutation: You are clumsy. (Dex -2) [a cacodemon]
 20583 | Pan      | Gained mutation: You sometimes lose the ability to read
                  | scrolls when taking damage. [a neqoxec]
 20584 | Pan      | Gained mutation: You are weak. (Str -2) [a neqoxec]
 20585 | Pan      | Gained mutation: You have an uncontrollable temper. [a
                  | neqoxec]
 20588 | Pan      | Gained mutation: Your magical capacity is low. (-10% MP)
                  | [Mnoleg's mutagenic touch]
 20597 | Pan      | Killed Mnoleg
 20621 | Pan      | Got a glowing rune of Zot
 20669 | Pan      | Gained mutation: You are very frail. (-20% HP) [a
                  | cacodemon]
 20686 | Pan      | Entered the realm of Lom Lobon.
 20727 | Pan      | Gained mutation: You are dopey. (Int -2) [mutagenic glow]
 20774 | Pan      | Noticed Lom Lobon
 20817 | Pan      | Got a magical rune of Zot
 20909 | Pan      | Entered the realm of Cerebov.
 20938 | Pan      | Identified the +8 glaive "Ycvej" {heavy, rPois Int+5}
 21094 | Pan      | Found the +6 sword of Cerebov {flame}
 21094 | Pan      | Noticed Cerebov
 21153 | Pan      | Killed Cerebov
 21156 | Pan      | Reached XP level 25. HP: 102/106 MP: 36/40
 21171 | Pan      | Got a fiery rune of Zot
 21192 | Pan      | Noticed Lom Lobon
 21239 | Pan      | Found Veac's Exquisite Manuscripts.
 21239 | Pan      | Gained mutation: You are extremely frail. (-30% HP) [a
                  | neqoxec]
 21240 | Pan      | Found an opulent altar of Gozag.
 21240 | Pan      | Gained mutation: You are very dopey. (Int -4) [a neqoxec]
 21241 | Pan      | Gained mutation: You have hidden genetic defects. [a
                  | cacodemon]
 21258 | Pan      | Reached skill level 20 in Summonings
 21350 | Pan      | Found Veac's Infernal Boutique.
 21352 | Pan      | Gained mutation: You are very weak. (Str -4) [a neqoxec]
 21353 | Pan      | Gained mutation: You are very clumsy. (Dex -4) [a neqoxec]
 21380 | Pan      | Reached skill level 10 in Stealth
 21391 | Pan      | Found an opulent altar of Gozag.
 21427 | Pan      | Gained mutation: Your magical capacity is very low. (-20%
                  | MP) [hidden defects]
 21433 | Pan      | Bought a scroll of teleportation for 57 gold pieces
 21433 | Pan      | Bought a scroll of teleportation for 57 gold pieces
 21433 | Pan      | Bought a scroll of acquirement for 988 gold pieces
 21433 | Pan      | Bought 2 scrolls of blinking for 285 gold pieces
 21457 | Pan      | Noticed Veac the pandemonium lord
 21459 | Pan      | Killed Veac the pandemonium lord
 21461 | Pan      | Bought 2 scrolls of identify for 76 gold pieces
 21462 | Pan      | Lost mutation: You have hidden genetic defects. [potion of
                  | mutation]
 21462 | Pan      | Lost mutation: You are very dopey. (Int -4) [potion of
                  | mutation]
 21462 | Pan      | Lost mutation: You have a somewhat thin skeletal structure.
                  | (Dex +2, Stealth+) [potion of mutation]
 21462 | Pan      | Lost mutation: You are very weak. (Str -4) [potion of
                  | mutation]
 21468 | Pan      | Found Veac's Quality Elixirs.
 21470 | Pan      | Found Veac's Rarities Stock.
 21477 | Pan      | Found an opulent altar of Gozag.
 21479 | Pan      | Bought a potion of might for 68 gold pieces
 21479 | Pan      | Bought a potion of mutation for 136 gold pieces
 21479 | Pan      | Bought a potion of mutation for 136 gold pieces
 21479 | Pan      | Bought a potion of mutation for 136 gold pieces
 21543 | Pan      | Bought Sica's Secrets of Zombies for 1116 gold pieces
 21551 | Pan      | Learned a level 7 spell: Haunt
 21576 | Pan      | Lost mutation: Armour fits poorly on your strangely shaped
                  | body. [potion of mutation]
 21576 | Pan      | Lost mutation: Your magical capacity is very low. (-20% MP)
                  | [potion of mutation]
 21576 | Pan      | Lost mutation: You are weak. (Str -2) [potion of mutation]
 21576 | Pan      | Gained mutation: You have large cloven feet. [potion of
                  | mutation]
 21577 | Pan      | Lost mutation: Your spells are a little easier to cast, but
                  | a little less powerful. [potion of mutation]
 21577 | Pan      | Lost mutation: You have an uncontrollable temper. [potion
                  | of mutation]
 21577 | Pan      | Lost mutation: You sometimes lose your temper in combat.
                  | [potion of mutation]
 21577 | Pan      | Lost mutation: You are very clumsy. (Dex -4) [potion of
                  | mutation]
 21578 | Pan      | Lost mutation: You are dopey. (Int -2) [potion of mutation]
 21578 | Pan      | Lost mutation: You are clumsy. (Dex -2) [potion of
                  | mutation]
 21578 | Pan      | Lost mutation: You have large cloven feet. [potion of
                  | mutation]
 21578 | Pan      | Gained mutation: Your spells are a little easier to cast,
                  | but a little less powerful. [potion of mutation]
 21580 | Depths:2 | Escaped Pandemonium
 21704 | Depths:2 | Reached skill level 1 in Necromancy
 22034 | Slime:1  | Entered Level 1 of the Pits of Slime
 22181 | Slime:5  | Entered Level 5 of the Pits of Slime
 22193 | Slime:5  | Gained mutation: Your spells are easier to cast, but less
                  | powerful. [a shining eye]
 22212 | Slime:5  | Noticed the Royal Jelly
 22219 | Slime:5  | Killed the Royal Jelly
 22324 | Slime:5  | Found the amulet of the Air {Inacc Air Fly rElec RMsl}
 22335 | Slime:5  | Identified the ring of Mifo {rPois rN+ Int-2 Dex+4}
 22350 | Slime:5  | Got the Papyrus of Weather and Moulding
 22350 | Slime:5  | Got the Essays on Sinister Hexes
 22350 | Slime:5  | Got a slimy rune of Zot
 22354 | Slime:5  | Acquired Xesesch's Cyclopedia of the Switch and the
                  | Xenolith
 22356 | Slime:5  | Reached skill level 21 in Summonings
 22356 | Slime:5  | Reached XP level 26. HP: 96/96 MP: 27/40
 22364 | Slime:5  | Learned a level 4 spell: Manifold Assault
 22378 | Slime:5  | Lost mutation: You are extremely frail. (-30% HP) [potion
                  | of mutation]
 22378 | Slime:5  | Lost mutation: Your magical capacity is low. (-10% MP)
                  | [potion of mutation]
 22378 | Slime:5  | Lost mutation: Your spells are easier to cast, but less
                  | powerful. [potion of mutation]
 22378 | Slime:5  | Gained mutation: You are weak. (Str -2) [potion of
                  | mutation]
 22378 | Slime:5  | Lost mutation: You are weak. (Str -2) [potion of mutation]
 22378 | Slime:5  | Gained mutation: Your flesh is heat resistant. (rF+)
                  | [potion of mutation]
 22482 | Slime:1  | Reached skill level 5 in Necromancy
 22934 | Depths:2 | Paralysed by a floating eye for 2 turns
 22943 | Depths:2 | Found a gateway to Hell.
 22954 | Hell     | Entered the Vestibule of Hell
 22955 | Hell     | Noticed Geryon
 22960 | Hell     | Reached XP level 27. HP: 112/113 MP: 18/45
 23117 | Hell     | Killed Geryon
 23166 | Hell     | Found a gateway to the Iron City of Dis.
 23224 | Dis:1    | Entered Level 1 of the Iron City of Dis
 23357 | Dis:2    | Reached skill level 22 in Summonings
 23694 | Dis:4    | Reached skill level 1 in Throwing
 23863 | Dis:5    | Reached skill level 10 in Translocations
 23908 | Dis:7    | Entered Level 7 of the Iron City of Dis
 23914 | Dis:7    | Reached skill level 23 in Summonings
 24170 | Dis:7    | Reached skill level 5 in Throwing
 24258 | Dis:7    | Reached skill level 15 in Stealth
 24339 | Dis:7    | Reached skill level 24 in Summonings
 24500 | Dis:7    | Found the +4 staff of Dispater
 24500 | Dis:7    | Noticed Dispater
 24526 | Dis:7    | Killed Dispater
 24540 | Dis:7    | Got an iron rune of Zot
 24741 | Hell     | Found a gateway to the freezing wastes of Cocytus.
 24763 | Coc:1    | Entered Level 1 of Cocytus
 25145 | Coc:5    | Noticed an ancient lich
 25151 | Coc:5    | Killed an ancient lich
 25152 | Coc:5    | Reached skill level 25 in Summonings
 25190 | Coc:7    | Entered Level 7 of Cocytus
 25203 | Coc:7    | Paralysed by a wendigo for 1 turns
 25218 | Coc:7    | Noticed Antaeus
 25232 | Coc:7    | HP: 4/146 [Antaeus/icy flash freeze (20)]
 25234 | Coc:7    | Killed from afar by a frost giant

Illustrated notes

Levels and vault maps discovered:
D:1:      minmay_arrival_floating_metal, layout_loops_cross, serial_shops,
          shop_statue
D:2:      cheibrodos_helix_gallery, layout_loops_ring, uniq_jessica
D:3:      layout_rooms, serial_undead, serial_undead_f, serial_undead_c,
          serial_undead_c, serial_undead_c, serial_undead_f, kennysheep_boxes
D:4:      layout_loops_ring, chequers_serial_rivers_micro_c
D:5:      layout_basic
D:6:      minmay_goblin_kobold_castle, layout_cave_pods,
          hangedman_decor_opposing
D:7:      layout_basic, elyvilon_altar_4, minmay_temple_entry_nine_rooms
D:8:      layout_basic, serial_shops, shop, enter_bailey_7, uniq_pikel,
          uniq_joseph, uniq_psyche
D:9:      layout_basic, ebering_ghost_rock_garden
D:10:     layout_basic, kennysheep_little_box
D:11:     layout_rooms, lair_entry_dummy, serial_shops, shop, st_stairs_3,
          uniq_josephine, uniq_urug
D:12:     layout_loops_corners, david_orc_3, gammafunk_ghost_smash
D:13:     layout_roguey [special_room_bee],
          hangedman_vaults_entry_quadrant_bands, serial_shops,
          nicolae_shop_bloodbath_and_beyond, nicolae_figureground_sparkle
D:14:     layout_basic, nemelex_xobeh_ov_fountains_minmay, kennysheep_donut,
          nicolae_concentric_dashed_squares_wild
D:15:     hangedman_depths_entry_civil_slaughter, layout_gridville,
          lemuel_tele_altar, gammafunk_ghost_ooze
Temple:   nicolae_temple_bog_church
Lair:1:   layout_gridlike, infiniplex_staircase_pool, lemuel_fruit_fields,
          grunt_megastairs_1, serial_bayou_shore_b
Lair:2:   layout_roguey, hangedman_tree_tricks, uniq_amaemon
Lair:3:   nzn_motion_control, layout_cave_pods, nicolae_shoals_entry_roost,
          minmay_snake_entry_guardpost_small, cheibrodos_lair_caveside_slide,
          infiniplex_staircase_pool_2, lemuel_fruit_fields, uniq_nessos
Lair:4:   layout_cave_pods, serial_bayou_shore_b
Lair:5:   minmay_lair_end_enchanted_forest, layout_long_grid, slime_entry_1,
          wad_woods_river_02
Shoals:1: layout_shoals, serial_shops, nicolae_shop_trees,
          nicolae_shop_statue_plus, shop, shop_statue, uniq_nikola
Shoals:2: layout_shoals, serial_shops, statue_bzr,
          gammafunk_ghost_abyssal_escape, nicolae_shop_vocational, uniq_ilsuiw
Shoals:3: layout_shoals, nicolae_shoals_seven_spires,
          nicolae_shoals_beach_house_on_fowls_legs
Shoals:4: shoals_end_grunt_ice, layout_shoals, shoals_ilsuiw_ice, serial_shops,
          shop
Snake:1:  layout_gridlike, grunt_ministairs_2, lightli_airlock
Snake:2:  layout_grid_maze, portal_ice_cave_entry_pillars_2, grunt_ministairs_1,
          nicolae_shop_sticking_my_neck_out, grunt_megastairs_5
Snake:3:  layout_rooms, uniq_louise
Snake:4:  grunt_snake_rune_spirals, layout_onion, grunt_ministairs_7,
          hangedman_snake_pattern
Slime:1:  cheibrodos_slime_lost_civilization_3, layout_caves
Slime:2:  layout_caves
Slime:3:  layout_caves
Slime:4:  layout_caves
Slime:5
Orc:1:    layout_diamond_mine, minmay_orc_temple_c
Orc:2:    st_orc_rangers, layout_caves, basic_altar, uniq_erolcha
Elf:1:    nicolae_elf_arrival_no_cutting_in_line, layout_loops_corners,
          minmay_elf_sorcery, uniq_azrael
Elf:2:    elven_hall_of_blades_hangedman_alternative
          [nicolae_blade_entry_splitting_headache], layout_geoelf_grid,
          serial_shops, shop
Elf:3:    grunt_elf_hall_branching, layout_geoelf_diagonals, serial_shops,
          nicolae_shop_window_shopping, minmay_shoptagon
Vaults:1: v_misc_11, grunt_vaults_swirl, nicolae_vaults_what_the_h,
          nicolae_vaults_circle_grid_a, hangedman_vaults_corner,
          vaults_room_hangedman_quadrants, v_misc_23, dpeg_vaults_monster_box,
          ontoclasm_vaults_ring_square, nicolae_vaults_mini_display_case,
          vaults_dpeg_diagonal, layout_vaults_quadrants, uniq_donald
Vaults:2: nicolae_vaults_arrows, vaults_room_hallway, nicolae_vaults_network_s,
          vaults_room_stairs_pillars, vaults_mumra_minichess_inversion,
          serial_ice_h, ontoclasm_vaults_spin, ontoclasm_vaults_pinch,
          layout_vaults_chaotic_city, serial_shops, shop
Vaults:3: v_misc_2, nicolae_vaults_little_squares_4,
          minmay_crypt_entry_simple_sparse, nicolae_vaults_specimen_jars,
          v_misc_14, vaults_dpeg_spiral, ontoclasm_vaults_twist,
          nicolae_vaults_alarming, hangedman_vaults_slice, v_rooms_4,
          st_more_cells, layout_vaults_omnibox, serial_shops,
          nicolae_shop_stone, uniq_margery
Vaults:4: nicolae_vaults_network_star, vaults_room_door_hall,
          hangedman_vaults_restitches, vaults_mumra_chevron, v_misc_24,
          nicolae_vaults_know_your_exits, nicolae_vaults_hallways_thing,
          ontoclasm_vaults_idyll, v_misc_33, ontoclasm_vaults_tryst, v_misc_17,
          layout_vaults_maze_snakey, serial_shops, nicolae_shop_window_shopping
Vaults:5
Depths:1: layout_cave_shapes, hell_entry, grunt_ministairs_7,
          minmay_the_grid_2x2 [minmay_the_grid_pillar_ring,
          minmay_the_grid_large_cup, minmay_the_grid_eight,
          minmay_the_grid_prize_trominoes], minmay_shop_grove,
          grunt_megastairs_2
Depths:2: thingy_vault_2, layout_gridville, pan_entry, ebering_ghost_gozag,
          nicolae_qazlal_style_of_elements, hellmouth_1, horrible_house_mu
Depths:3: kennysheep_snake, layout_cave_shapes, enter_ziggurat_a,
          grunt_hell_entry_dis_grunt, nicolae_abyss_entry_one_way_or_another,
          special_room [special_room_morgue], chequers_serial_rivers_small_3
Depths:4: evilmike_zot_entry_diamond, layout_basic, hangedman_tar_grid_catacomb
Hell
Dis:1:    layout_gridville, nicolae_hells_seeping_fissure
Dis:2:    layout_gridville, nicolae_dis_strange_trophy_room
Dis:3:    layout_subdivisions, nicolae_dis_having_a_grate_time
Dis:4:    layout_jigsaw, nicolae_dis_fourth_circle
Dis:5:    layout_jigsaw
Dis:6:    layout_subdivisions
Dis:7:    iron_city_of_dis [dis_grunt, dis_wall_7], layout_gridville,
          nicolae_dis_metal_dragon_surprise
Coc:1:    layout_cocytus_water_paths, serial_ice
Coc:2:    layout_ice_bergs, nicolae_coc_icebean_singular
          [nicolae_sub_coc_subbean]
Coc:3:    layout_ice_bergs
Coc:4:    layout_ice_bergs
Coc:5:    layout_ice_bergs, special_room [special_room_morgue]
Coc:6:    layout_cocytus_water_paths
Coc:7:    coc_hangedman

Skill      XL: |  1  2  3  4  5  6  7  8  9 10 11 12 13 14 15 16 17 18 19 20 21 22 23 24 25 26 27 |
---------------+----------------------------------------------------------------------------------+-----
Unarmed Combat | 4 5 6 7 9 10 11 12 13 14 15 17 18 | 18.5
Summonings     | 4 6 7 11 12 13 15 16 18 19 21 25 | 25.3
Fighting       | 3 5 6 8 9 10 11 12 13 14 | 14.0
Dodging        | 3 4 5 7 8 9 10 11 14 | 14.4
Ice Magic      | 2 5 |  5.0
Invocations    | 4 5 7 9 11 12 | 12.0
Armour         | 1 3 4 5 |  5.0
Spellcasting   | 4 5 7 10 11 13 16 17 | 17.2
Evocations     | 5 6 |  6.0
Shields        | 6 8 10 11 12 13 14 15 | 15.0
Transmutations | 6 9 11 12 | 12.0
Earth Magic    | 6 9 11 12 | 12.0
Poison Magic   | 4 6 |  6.0
Translocations | 2 4 5 10 | 10.0
Stealth        | 5 9 11 15 | 15.0
Necromancy     | 4 5 6 |  6.0
Throwing       | 8 |  8.8

Action                     |  1- 3 |  4- 6 |  7- 9 | 10-12 | 13-15 | 16-18 | 19-21 | 22-24 | 25-27 || total
---------------------------+-------+-------+-------+-------+-------+-------+-------+-------+-------++-------
  Melee: Unarmed           |    90 |    95 |   333 |   351 |   840 |   759 |   564 |   791 |   940 ||  4763
         Bite              |    28 |    27 |   110 |   125 |   364 |   364 |   321 |   432 |   585 ||  2356
         Punch             |     4 |     2 |    16 |    26 |    69 |       |       |       |       ||   117
  Throw: Dart              |       |       |       |     1 |       |       |       |       |     2 ||     3
   Cast: Ozocubu's Armour  |       |       |       |     2 |     4 |     2 |       |       |       ||     8
         Call Canine Famil |       |       |       |     1 |     1 |       |       |       |       ||     2
         Summon Hydra      |       |       |       |       |     1 |    87 |    82 |   119 |    45 ||   334
         Summon Lightning  |       |       |       |       |       |    18 |       |       |     1 ||    19
         Statue Form       |       |       |       |       |       |    36 |    58 |    75 |    96 ||   265
         Apportation       |       |       |       |       |       |     6 |    25 |    45 |    24 ||   100
         Summon Forest     |       |       |       |       |       |       |       |     5 |    22 ||    27
         Dragon's Call     |       |       |       |       |       |       |       |     3 |    24 ||    27
         Haunt             |       |       |       |       |       |       |       |       |    27 ||    27
         Manifold Assault  |       |       |       |       |       |       |       |       |    35 ||    35
         Eringya's Noxious |       |       |       |       |       |       |       |       |     1 ||     1
         Summon Cactus Gia |       |       |       |       |       |       |       |       |     1 ||     1
 Invoke: Slouch            |       |       |       |    14 |    14 |    13 |     8 |    13 |    19 ||    81
         Step From Time    |       |       |       |       |       |       |     1 |     6 |     5 ||    12
Ability: Evoke Invisibilit |       |       |       |       |     1 |       |       |       |       ||     1
  Evoke: Wand              |       |       |    18 |    12 |     2 |     3 |       |       |     2 ||    37
         Lightning rod     |       |       |       |       |     6 |       |       |       |       ||     6
         Condenser vane    |       |       |       |       |       |     1 |       |     1 |       ||     2
         Phial of floods   |       |       |       |       |       |       |       |     1 |     1 ||     2
         Phantom mirror    |       |       |       |       |       |       |       |     1 |     1 ||     2
         Horn of Geryon    |       |       |       |       |       |       |       |       |     1 ||     1
         Box of beasts     |       |       |       |       |       |       |       |       |     1 ||     1
    Use: Scroll            |       |       |     7 |    15 |    13 |     8 |     8 |     5 |    12 ||    68
         Potion            |       |       |       |       |       |     1 |     1 |     6 |     8 ||    16
   Stab: Sleeping          |     7 |     8 |     5 |     2 |     4 |     8 |     3 |     3 |     3 ||    43
         Distracted        |       |       |     1 |       |     1 |    18 |    20 |    29 |    69 ||   138
         Petrified         |       |       |       |       |     2 |       |       |       |       ||     2
 Armour: Robe              |    22 |    17 |    32 |     9 |       |       |       |       |       ||    80
         Ice dragon scales |       |       |       |   113 |   182 |       |       |       |       ||   295
         Quicksilver drago |       |       |       |       |    34 |    98 |     6 |     6 |     9 ||   153
         Skin              |       |       |       |       |       |   178 |   185 |   394 |   268 ||  1025
  Dodge: Dodged            |    41 |    65 |   335 |   436 |   788 |   771 |   728 |  1585 |  1308 ||  6057
  Block: Other             |       |       |    26 |   112 |   177 |       |       |       |       ||   315
         Reflection        |       |       |       |    19 |     5 |       |       |       |     7 ||    31
         Kite shield       |       |       |       |       |     2 |   965 |   845 |  1439 |  1360 ||  4611

Table legend: (Time is in decaauts)
 A = Elapsed time spent in this place.
 B = Non-inter-level travel time spent in this place.
 C = Inter-level travel time spent in this place.
 D = Time resting spent in this place.
 E = Time spent auto-exploring this place.
 F = Levels seen in this place.
 G = Mean time per level.
                   A        B        C        D        E       F      G
               +--------+--------+--------+--------+--------+-----+--------+
         Total |  43914 |  37701 |   6213 |     22 |   2624 |  80 |  548.9 |
       Dungeon |   9866 |   8110 |   1756 |     17 |   2481 |  15 |  657.7 |
        Temple |     41 |     22 |     19 |      0 |      8 |   1 |   41.0 |
          Lair |   4243 |   2937 |   1306 |      2 |      0 |   5 |  848.6 |
        Shoals |   2251 |   1987 |    264 |      0 |      0 |   4 |  562.8 |
     Snake Pit |   2276 |   1800 |    476 |      0 |      0 |   4 |  569.0 |
    Slime Pits |   1059 |    980 |     79 |      0 |      0 |   5 |  211.8 |
  Orcish Mines |   1671 |   1147 |    524 |      0 |      0 |   2 |  835.5 |
   Elven Halls |   2757 |   2381 |    376 |      0 |      0 |   3 |  919.0 |
        Vaults |   4801 |   4308 |    493 |      0 |      0 |   5 |  960.2 |
        Depths |   4340 |   3602 |    738 |      0 |     42 |   4 | 1085.0 |
          Hell |    503 |    503 |      0 |      0 |      0 |   1 |  503.0 |
           Dis |   2863 |   2704 |    159 |      0 |      0 |   7 |  409.0 |
       Cocytus |    960 |    942 |     18 |      0 |      0 |   7 |  137.1 |
         Abyss |    280 |    280 |      0 |      0 |      0 |   4 |   70.0 |
   Pandemonium |   4780 |   4780 |      0 |      3 |      0 |  11 |  434.5 |
        Bailey |    450 |    450 |      0 |      0 |      0 |   1 |  450.0 |
      Ice Cave |    764 |    764 |      0 |      0 |     93 |   1 |  764.0 |
               +--------+--------+--------+--------+--------+-----+--------+

Top non-repeatable levels by time:
Depths:2: 1739 daAuts
Vaults:5: 1685 daAuts
Depths:3: 1549 daAuts
   Dis:7: 1495 daAuts
  Lair:5: 1490 daAuts
  Lair:3: 1243 daAuts
Vaults:4: 1163 daAuts
   Elf:3: 1152 daAuts
 Snake:4: 1125 daAuts
   Elf:1: 1047 daAuts
   Orc:2: 1000 daAuts
    D:15: 981 daAuts
Depths:1: 975 daAuts
     D:6: 935 daAuts
Vaults:1: 894 daAuts
